3AA
ATHLETIC CLUB KC ACADEMY @ OTTAWA NATIONALS
07/21/2041
 
TOP OF THE 1ST
Athletic Club KC Academy batting - Pitching for Ottawa Nationals : RHP Jonathan Campbell
Pitching: RHP Jonathan Campbell
Batting: RHB Tim Hendricks 0-0: Ball
1-0: Ball
2-0: Ball
3-0: Called Strike
3-1: Swinging Strike
3-2: Fly out, F8 (Flyball, 8RS, EV 86.9 MPH)
Batting: LHB Rafael Padilla 0-0: Called Strike
0-1: DOUBLE (Groundball, 3L, EV 101.2 MPH)
Batting: RHB Dick Barnett 0-0: Ball
1-0: Ball
2-0: Fly out, F7 (Flyball, 78D, EV 78.8 MPH)
Batting: RHB Shigetoki Numata 0-0: Called Strike
0-1: SINGLE (Groundball, 34S, EV 80.6 MPH) (infield hit)
Rafael Padilla to third
Batting: RHB Mike Welch 0-0: Called Strike
0-1: Called Strike
0-2: Ball
1-2: Ball
2-2: Ball
3-2: Fly out, F4 (Line Drive, 4, EV 75.0 MPH)
Top of the 1st over - 0 runs, 2 hits, 0 errors, 2 left on base; Athletic Club KC Academy 0 - Ottawa 0
BOTTOM OF THE 1ST
Ottawa Nationals batting - Pitching for Athletic Club KC Academy : RHP Iván Contreras
Pitching: RHP Iván Contreras
Batting: SHB Aristotle Auer 0-0: Ball
1-0: Ball
2-0: Ground out 1-3 (Groundball, 15S, EV 66.2 MPH)
Batting: RHB Hulama Yani 0-0: Foul Ball, location: 2F
0-1: Ball
1-1: Foul Ball, location: 2F
1-2: Strikes out swinging
Batting: LHB Ánibal Lima 0-0: Ball
1-0: Called Strike
1-1: Ball
2-1: Foul Ball, location: 2F
2-2: Strikes out swinging
Bottom of the 1st over - 0 runs, 0 hits, 0 errors, 0 left on base; Athletic Club KC Academy 0 - Ottawa 0
TOP OF THE 2ND
Athletic Club KC Academy batting - Pitching for Ottawa Nationals : RHP Jonathan Campbell
Batting: RHB Guillermo Alessandrini 0-0: Called Strike
0-1: Foul Ball, location: 2F
0-2: Fly out, F7 (Flyball, 7S, EV 74.4 MPH)
Batting: SHB Noel Lancaster 0-0: Swinging Strike
0-1: Ball
1-1: Ball
2-1: Ball
3-1: Base on Balls
Batting: SHB Michael Evershed 0-0: Called Strike
0-1: Ball
1-1: Foul Ball, location: 2F
1-2: Fly out, F7 (Line Drive, 78M, EV 108.1 MPH)
Batting: LHB Octávio Castaneda 0-0: Fielders Choice at 2nd, 6-4 (Groundball, 6, EV 100.6 MPH)
Top of the 2nd over - 0 runs, 0 hits, 0 errors, 1 left on base; Athletic Club KC Academy 0 - Ottawa 0
BOTTOM OF THE 2ND
Ottawa Nationals batting - Pitching for Athletic Club KC Academy : RHP Iván Contreras
Batting: RHB Imbart Baars 0-0: Called Strike
0-1: Called Strike
0-2: Ball
1-2: Foul Ball, location: 2F
1-2: Foul Ball, location: 2F
1-2: Ball
2-2: Fly out, F8 (Flyball, 8LD, EV 106.9 MPH)
Batting: RHB Michael Collier 0-0: Ball
1-0: Foul Ball, location: 2F
1-1: DOUBLE (Line Drive, 89D, EV 103.8 MPH)
Batting: RHB Sallvador Rebola 0-0: Ball
1-0: Ball
2-0: Called Strike
2-1: Ball
3-1: Fly out, F9 (Flyball, 9S, EV 84.4 MPH)
Batting: RHB Rob Shannon 0-0: Ball
1-0: Called Strike
1-1: Swinging Strike
1-2: Strikes out swinging
Bottom of the 2nd over - 0 runs, 1 hit, 0 errors, 1 left on base; Athletic Club KC Academy 0 - Ottawa 0
TOP OF THE 3RD
Athletic Club KC Academy batting - Pitching for Ottawa Nationals : RHP Jonathan Campbell
Batting: RHB Tim Hendricks 0-0: Ball
1-0: Ground out 4-3 (Groundball, 4, EV 87.5 MPH)
Batting: LHB Rafael Padilla 0-0: Ball
1-0: Ball
2-0: Called Strike
2-1: Called Strike
2-2: Ball
3-2: Ground out 4-3 (Groundball, 34, EV 76.2 MPH)
Batting: RHB Dick Barnett 0-0: Ball
1-0: SINGLE (Groundball, 6D, EV 98.8 MPH)
Batting: RHB Shigetoki Numata 0-0: Ball
1-0: Reached on error, E4 (Groundball, 34, EV 105.6 MPH)
Dick Barnett to third
Batting: RHB Mike Welch 0-0: Called Strike
0-1: Fly out, F9 (Flyball, 9, EV 91.2 MPH)
Top of the 3rd over - 0 runs, 1 hit, 1 error, 2 left on base; Athletic Club KC Academy 0 - Ottawa 0
BOTTOM OF THE 3RD
Ottawa Nationals batting - Pitching for Athletic Club KC Academy : RHP Iván Contreras
Batting: RHB Nobuhiko Ohayashi 0-0: Fly out, F8 (Flyball, 8LM, EV 81.9 MPH)
Batting: RHB Barney Paul 0-0: Ball
1-0: Swinging Strike
1-1: Swinging Strike
1-2: Ball
2-2: Ball
3-2: Foul Ball, location: 2F
3-2: Strikes out swinging
Batting: SHB Aristotle Auer 0-0: Foul Ball, location: 2F
0-1: Called Strike
0-2: Foul Ball, location: 2F
0-2: Foul Ball, location: 2F
0-2: Foul Ball, location: 2F
0-2: Ball
1-2: Ball
2-2: SINGLE (Line Drive, 4M, EV 106.2 MPH)
Batting: RHB Hulama Yani 0-0: Called Strike
0-1: Foul Ball, location: 2F
0-2: Strikes out looking
Bottom of the 3rd over - 0 runs, 1 hit, 0 errors, 1 left on base; Athletic Club KC Academy 0 - Ottawa 0
TOP OF THE 4TH
Athletic Club KC Academy batting - Pitching for Ottawa Nationals : RHP Jonathan Campbell
Batting: RHB Guillermo Alessandrini 0-0: Ball
1-0: Ball
2-0: Called Strike
2-1: Ground out 1-3 (Groundball, P, EV 65.6 MPH)
Batting: SHB Noel Lancaster 0-0: Foul Ball, location: 2F
0-1: Ball
1-1: Swinging Strike
1-2: Strikes out swinging
Batting: SHB Michael Evershed 0-0: Foul Ball, location: 2F
0-1: Foul Ball, location: 2F
0-2: Ball
1-2: Strikes out swinging
Top of the 4th over - 0 runs, 0 hits, 0 errors, 0 left on base; Athletic Club KC Academy 0 - Ottawa 0
BOTTOM OF THE 4TH
Ottawa Nationals batting - Pitching for Athletic Club KC Academy : RHP Iván Contreras
Batting: LHB Ánibal Lima 0-0: Ball
1-0: Called Strike
1-1: Ball
2-1: Fly out, F8 (Flyball, 89XD, EV 95.6 MPH)
Batting: RHB Imbart Baars 0-0: Foul Ball, location: 2F
0-1: Ground out 6-3 (Groundball, 6, EV 83.1 MPH)
Batting: RHB Michael Collier 0-0: Called Strike
0-1: Foul Ball, location: 2F
0-2: Fly out, F9 (Flyball, 9S, EV 85.0 MPH)
Bottom of the 4th over - 0 runs, 0 hits, 0 errors, 0 left on base; Athletic Club KC Academy 0 - Ottawa 0
TOP OF THE 5TH
Athletic Club KC Academy batting - Pitching for Ottawa Nationals : RHP Jonathan Campbell
Batting: LHB Octávio Castaneda 0-0: Fly out, F8 (Line Drive, 8RD, EV 85.6 MPH)
Batting: RHB Tim Hendricks 0-0: Fly out, F7 (Flyball, 7, EV 86.2 MPH)
Batting: LHB Rafael Padilla 0-0: Ball
1-0: Called Strike
1-1: Called Strike
1-2: Foul Ball, location: 2F
1-2: Ball
2-2: Foul Ball, location: 2F
2-2: Fly out, F6 (Popup, 4MD, EV 56.9 MPH)
Top of the 5th over - 0 runs, 0 hits, 0 errors, 0 left on base; Athletic Club KC Academy 0 - Ottawa 0
BOTTOM OF THE 5TH
Ottawa Nationals batting - Pitching for Athletic Club KC Academy : RHP Iván Contreras
Batting: RHB Sallvador Rebola 0-0: Ball
1-0: Ball
2-0: Ball
3-0: Called Strike
3-1: Base on Balls
Batting: RHB Rob Shannon 0-0: Bunted foul
0-1: Sac Bunt to 3S - play at first, batter OUT! 3-4
Sallvador Rebola to second
Batting: RHB Nobuhiko Ohayashi 0-0: Called Strike
0-1: Ball
1-1: Foul Ball, location: 2F
1-2: Foul Ball, location: 2F
1-2: Ball
2-2: Fly out, F8 (Flyball, 8RM, EV 98.8 MPH)
Runner from 2nd tags up, SAFE at 3rd with throw by CF
Batting: RHB Barney Paul 0-0: Called Strike
0-1: Swinging Strike
0-2: Strikes out swinging
Bottom of the 5th over - 0 runs, 0 hits, 0 errors, 1 left on base; Athletic Club KC Academy 0 - Ottawa 0
TOP OF THE 6TH
Athletic Club KC Academy batting - Pitching for Ottawa Nationals : RHP Jonathan Campbell
Batting: RHB Dick Barnett 0-0: Ball
1-0: SINGLE (Line Drive, 4D, EV 95.6 MPH)
Batting: RHB Shigetoki Numata 0-0: Called Strike
0-1: Foul Ball, location: 2F
0-2: Fly out, F9 (Line Drive, 9, EV 90.6 MPH)
Batting: RHB Mike Welch 0-0: Ball
1-0: Foul Ball, location: 2F
1-1: Foul Ball, location: 2F
1-2: Ball
2-2: Foul Ball, location: 2F
2-2: Fly out, F8 (Flyball, 8LM, EV 90.6 MPH)
Batting: RHB Guillermo Alessandrini 0-0: Ball
1-0: Called Strike
1-1: Ball
2-1: Swinging Strike
2-2: Ball
3-2: Foul Ball, location: 2F
3-2: Ground out 5-3 (Groundball, 56S, EV 82.5 MPH)
Top of the 6th over - 0 runs, 1 hit, 0 errors, 1 left on base; Athletic Club KC Academy 0 - Ottawa 0
BOTTOM OF THE 6TH
Ottawa Nationals batting - Pitching for Athletic Club KC Academy : RHP Iván Contreras
Batting: SHB Aristotle Auer 0-0: DOUBLE (Line Drive, 7LM, EV 95.6 MPH)
Batting: RHB Hulama Yani 0-0: Called Strike
0-1: Ball
1-1: Ball
2-1: Foul Ball, location: 2F
2-2: Ball
3-2: Foul Ball, location: 2F
3-2: Strikes out swinging
Batting: LHB Ánibal Lima 0-0: Called Strike
0-1: Foul Ball, location: 2F
0-2: Strikes out swinging
Batting: RHB Imbart Baars 0-0: Ball
1-0: Ball
2-0: Ground out 1-3 (Groundball, P, EV 78.8 MPH)
Bottom of the 6th over - 0 runs, 1 hit, 0 errors, 1 left on base; Athletic Club KC Academy 0 - Ottawa 0
TOP OF THE 7TH
Athletic Club KC Academy batting - Pitching for Ottawa Nationals : RHP Jonathan Campbell
Pitching: RHP Jesús Torres
Batting: SHB Noel Lancaster 0-0: Ball
1-0: Foul Ball, location: 2F
1-1: Foul Ball, location: 2F
1-2: Ball
2-2: Ball
3-2: Base on Balls
Batting: SHB Michael Evershed 0-0: Ball
1-0: Called Strike
1-1: Ball
2-1: Foul Ball, location: 2F
2-2: Strikes out swinging
Batting: LHB Octávio Castaneda 0-0: Ball
1-0: Ground out 4-3 (Groundball, 34, EV 80.6 MPH)
Noel Lancaster to second
Batting: RHB Tim Hendricks 0-0: Called Strike
0-1: Ball
1-1: Fly out, F3 (Popup, 34, EV 63.1 MPH)
Top of the 7th over - 0 runs, 0 hits, 0 errors, 1 left on base; Athletic Club KC Academy 0 - Ottawa 0
BOTTOM OF THE 7TH
Ottawa Nationals batting - Pitching for Athletic Club KC Academy : RHP Iván Contreras
Batting: RHB Michael Collier 0-0: Foul Ball, location: 2F
0-1: SINGLE (Groundball, 6MD, EV 100.6 MPH)
Batting: RHB Sallvador Rebola 0-0: Ball
1-0: Bunted foul
1-1: Sac Bunt to 25 - play at first, batter OUT! 5-4
Michael Collier to second
Batting: RHB Rob Shannon 0-0: Called Strike
0-1: Reached on error, E5 (Groundball, 56S, EV 70.6 MPH)
Michael Collier scores
Pitching: LHP Carlos Ortega
Batting: RHB Nobuhiko Ohayashi 0-0: Swinging Strike
0-1: Ball
1-1: Foul Ball, location: 2F
1-2: Foul Ball, location: 2F
1-2: Ball
2-2: Ball
3-2: Strikes out swinging
Batting: RHB Barney Paul 0-0: Fly out, F8 (Flyball, 8RS, EV 87.5 MPH)
Bottom of the 7th over - 1 run, 1 hit, 1 error, 1 left on base; Athletic Club KC Academy 0 - Ottawa 1
TOP OF THE 8TH
Athletic Club KC Academy batting - Pitching for Ottawa Nationals : RHP Jesús Torres
Batting: LHB Rafael Padilla 0-0: Foul Ball, location: 2F
0-1: Ball
1-1: Ball
2-1: Foul Ball, location: 2F
2-2: Foul Ball, location: 2F
2-2: Ground out 4-3 (Groundball, 4S, EV 88.1 MPH)
Batting: RHB Dick Barnett 0-0: Ball
1-0: Fly out, F8 (Flyball, 78M, EV 93.8 MPH)
Batting: RHB Shigetoki Numata 0-0: Called Strike
0-1: Foul Ball, location: 2F
0-2: Ball
1-2: Fly out, F9 (Line Drive, 9, EV 94.4 MPH)
Top of the 8th over - 0 runs, 0 hits, 0 errors, 0 left on base; Athletic Club KC Academy 0 - Ottawa 1
BOTTOM OF THE 8TH
Ottawa Nationals batting - Pitching for Athletic Club KC Academy : LHP Carlos Ortega
Pitching: RHP Rick Knapp
Batting: SHB Aristotle Auer 0-0: Called Strike
0-1: Foul Ball, location: 2F
0-2: Strikes out looking
Batting: RHB Hulama Yani 0-0: Foul Ball, location: 2F
0-1: Ball
1-1: Fly out, F7 (Line Drive, 7, EV 93.8 MPH)
Batting: LHB Ánibal Lima 0-0: Swinging Strike
0-1: Ball
1-1: Ball
2-1: Foul Ball, location: 2F
2-2: Foul Ball, location: 2F
2-2: DOUBLE (Groundball, 3L, EV 106.9 MPH)
Batting: RHB Imbart Baars 0-0: Ball
1-0: Foul Ball, location: 2F
1-1: Fly out, F9 (Flyball, 89M, EV 92.5 MPH)
Bottom of the 8th over - 0 runs, 1 hit, 0 errors, 1 left on base; Athletic Club KC Academy 0 - Ottawa 1
TOP OF THE 9TH
Athletic Club KC Academy batting - Pitching for Ottawa Nationals : RHP Jesús Torres
Pitching: RHP Pei Fa
Now at SS: Manuel Barrera
Pinch Hitting: LHB Bruce Simpson 0-0: SINGLE (Groundball, 56D, EV 98.8 MPH)
Batting: RHB Guillermo Alessandrini 0-0: Foul Ball, location: 2F
0-1: SINGLE (Flyball, 89D, EV 102.5 MPH)
Bruce Simpson to second
Batting: SHB Noel Lancaster 0-0: Ball
1-0: Ball
2-0: Ball
3-0: Base on Balls
Bruce Simpson to third
Guillermo Alessandrini to second
Pinch Hitting: RHB Milos Milic 0-0: Ball
1-0: Called Strike
1-1: Swinging Strike
1-2: Foul Ball, location: 2F
1-2: Ball
2-2: Ball
3-2: Strikes out swinging
Pinch Hitting: LHB Ted Reed 0-0: Ball
1-0: Ball
2-0: Called Strike
2-1: SINGLE (Groundball, 56D, EV 106.2 MPH)
Bruce Simpson scores
Guillermo Alessandrini to third
Noel Lancaster to second
Runner from 3rd tries for Home, SAFE, throw by LF to home
Batting: RHB Tim Hendricks 0-0: Foul Ball, location: 2F
0-1: Called Strike
0-2: Ball
1-2: Ball
2-2: Ball
3-2: Strikes out looking
Batting: LHB Rafael Padilla 0-0: Foul Ball, location: 2F
0-1: Ball
1-1: Foul Ball, location: 2F
1-2: Strikes out swinging
Top of the 9th over - 2 runs, 3 hits, 0 errors, 2 left on base; Athletic Club KC Academy 2 - Ottawa 1
BOTTOM OF THE 9TH
Ottawa Nationals batting - Pitching for Athletic Club KC Academy : RHP Rick Knapp
Now at C: Gregg Holmes
Now in LF: Bruce Simpson
Now in CF: Ted Reed
Batting: RHB Michael Collier 0-0: Ball
1-0: Ball
2-0: Fly out, F8 (Flyball, 89D, EV 99.4 MPH)
Batting: RHB Sallvador Rebola 0-0: SINGLE (Line Drive, 56D, EV 103.1 MPH)
Batting: RHB Rob Shannon 0-0: Swinging Strike
0-1: Ball
1-1: SINGLE (Groundball, 56D, EV 96.9 MPH)
Sallvador Rebola to second
Batting: RHB Nobuhiko Ohayashi 0-0: Ball
1-0: Fly out, F1 (Line Drive, P, EV 61.2 MPH)
Batting: RHB Barney Paul 0-0: Ball
1-0: Ball
2-0: Foul Ball, location: 2F
2-1: Ball
3-1: Base on Balls
Sallvador Rebola to third
Rob Shannon to second
Batting: SHB Aristotle Auer 0-0: Ball
1-0: Foul Ball, location: 2F
1-1: Swinging Strike
1-2: Foul Ball, location: 2F
1-2: Strikes out swinging
Bottom of the 9th over - 0 runs, 2 hits, 0 errors, 3 left on base; Athletic Club KC Academy 2 - Ottawa 1
Tuesday, January 5th, 2021 - OOTP Baseball 20.8 Build 74